Map: Orbital Shipyard

Players

lesha - Winner!

  • Race: Terran Terran

A.I. 1 (Harder)

  • Race: Protoss Protoss

VOD

Have the link to the VOD?

Description

Time

  • Played on: Dec. 4, 2015, 9:50 a.m.
  • Length: 14:12
Show
View Real Time Build Order
Export as new Build Order

lesha Terran - Winner!

Build Orders: MMM Bio 

Get SALT Encoding   

  12  0:02  SCV  
  13  0:14  SCV  
  14  0:23  Supply Depot  
  14  0:26  SCV  
  15  0:44  SCV  
  16  0:50  Barracks  
  16  1:01  SCV  
  17  1:15  Command Center  
  17  1:18  SCV  
  18  1:30  SCV  
  19  1:42  Marine  
  19  1:46  Orbital Command  
  20  1:51  Refinery  
  20  1:53  Refinery  
  20  2:00  Barracks  
  20  2:08  Marine  
  21  2:23  SCV  
  22  2:30  Orbital Command  
  22  2:35  SCV  
  23  2:47  SCV  
  23  2:50  Barracks Reactor  
  24  2:51  Barracks Tech Lab  
  24  3:13  Factory  
  24  3:26  SCV x2  
  26  3:29  Bunker  
  26  3:38  SCV x2  
  26  3:39  Marine, Marauder  
  26  3:40  Marine  
  32  3:48  Supply Depot  
  32  3:50  SCV x2  
  34  4:02  SCV x2  
  36  4:08  Factory Tech Lab  
  36  4:11  Starport  
  36  4:19  Marine x2  
  36  4:21  Marauder  
  40  4:31  Supply Depot  
  40  4:34  Siege Tank  
  43  4:46  Marine x2  
  45  4:53  Supply Depot, Marauder, Starport Reactor  
  47  5:00  Supply Depot  
  47  5:01  SCV x2  
  49  5:09  Refinery  
  49  5:12  Refinery  
  49  5:13  SCV x2  
  51  5:19  Barracks  
  51  5:21  Barracks  
  51  5:22  Supply Depot  
  51  5:25  SCV x2  
  51  5:26  Barracks  
  53  5:31  Engineering Bay  
  53  5:33  Engineering Bay  
  53  5:34  Marine x2  
  55  5:36  Marauder  
  55  5:42  Siege Tank  
  60  5:43  Medivac x2  
  64  5:50  SCV x2  
  64  5:52  Marine x2  
  68  5:57  Marauder  
  68  6:02  SCV x2  
  72  6:14  SCV x2, Marine x2  
  76  6:19  Marauder  
  76  6:23  Barracks Reactor  
  76  6:24  Barracks Reactor, Barracks Tech Lab  
  78  6:28  Stimpack  
  78  7:02  Terran Infantry Weapons Level 1  
  78  7:03  Terran Infantry Armor Level 1  
  78  7:05  Supply Depot  
  78  7:06  Supply Depot  
  78  7:08  Supply Depot  
  78  7:10  Armory  
  78  7:11  Supply Depot  
  78  7:25  Command Center  
  78  7:26  Marine x2  
  78  7:27  SCV, Marine x4  
  78  7:28  SCV  
  88  7:30  Marauder x2  
  88  7:33  Medivac x2  
  94  7:39  SCV  
  94  7:40  SCV  
  96  7:51  SCV  
  96  7:57  Marine x3  
  96  7:58  Marine x2  
  101  7:59  Marine  
  101  8:01  Marauder  
  101  8:02  Marauder  
  107  8:18  SCV x2  
  109  8:29  Combat Shields  
  109  8:30  SCV  
  109  8:31  Supply Depot  
  109  8:32  Supply Depot x2  
  109  8:33  Supply Depot x3  
  110  8:37  SCV  
  111  9:03  Terran Infantry Weapons Level 2, Terran Infantry Armor Level 2  
  110  9:27  Marine x6  
  110  9:30  Marauder x2  
  119  9:44  Marine x2  
  115  10:16  Marine  
  115  10:17  Marine x4  
  115  10:19  Marauder  
  115  10:20  Marauder  
  119  10:22  Medivac x2  
  119  10:24  Marine  
  119  10:34  Marine x3  
  119  10:35  Marine x2  
  124  10:41  Marauder x2  
  122  11:18  Marine x5  
  123  11:19  Marine  
  123  11:20  Marauder  
  123  11:21  Marauder  
  132  11:25  Medivac x2  
  136  11:36  Command Center, Marine x6  
  142  11:42  Marauder x2  
  142  11:45  Refinery  
  146  11:47  Command Center, Refinery  
  146  11:53  Command Center, Marine  
  146  11:54  Marine x5  
  147  11:55  Medivac x2  
  156  12:03  Marine x2  
  158  12:11  Marine  
  159  12:25  Medivac x2  
  147  13:24  Orbital Command  
  147  13:26  Orbital Command  
  147  13:29  Orbital Command  
  146  13:48  Marine  
  146  13:49  Marine x5  
Show
View Real Time Build Order
Export as new Build Order

A.I. 1 (Harder) Protoss 

Build Orders:  

Get SALT Encoding   

  12  0:01  Probe (Chrono Boost)  
  13  0:11  Probe (Chrono Boost)  
  14  0:20  Pylon  
  14  0:22  Probe (Chrono Boost)  
  15  0:38  Probe (Chrono Boost)  
  16  0:47  Assimilator  
  16  0:49  Probe (Chrono Boost), Gateway  
  17  0:59  Probe (Chrono Boost), Pylon  
  18  1:10  Probe (Chrono Boost)  
  19  1:22  Probe (Chrono Boost)  
  20  1:36  Zealot  
  22  1:41  Cybernetics Core  
  22  1:43  Gateway  
  22  1:46  Assimilator  
  22  2:00  Zealot  
  22  2:01  Pylon  
  24  2:19  Warp Gate  
  24  2:25  Stalker  
  26  2:30  Adept  
  28  2:44  Pylon  
  28  2:54  Zealot  
  30  2:59  Zealot  
  32  3:19  Stalker  
  32  3:25  Stalker  
  36  3:30  Pylon  
  37  3:41  Probe (Chrono Boost)  
  37  3:49  Zealot  
  37  3:53  Probe (Chrono Boost)  
  37  3:54  Stalker  
  42  3:58  Pylon  
  42  4:05  Probe (Chrono Boost)  
  43  4:13  Forge  
  43  4:15  Zealot  
  43  4:16  Probe (Chrono Boost)  
  46  4:27  Probe (Chrono Boost)  
  47  4:31  Stalker  
  50  4:39  Probe (Chrono Boost)  
  50  4:50  Adept  
  52  5:53  Protoss Ground Weapons Level 1  
  52  5:59  Sentry  
  52  6:03  Gateway  
  54  6:07  Nexus, Pylon  
  54  6:08  Stalker  
  54  6:09  Photon Cannon  
  54  6:10  Photon Cannon  
  56  6:12  Robotics Facility  
  56  6:14  Stargate  
  56  6:21  Stalker  
  58  6:30  Stalker  
  60  6:35  Twilight Council  
  58  6:44  Stalker  
  58  6:52  Stalker  
  60  7:01  Stalker  
  62  7:05  Observer  
  62  7:06  Blink  
  63  7:09  Sentry  
  63  7:10  Pylon  
  65  7:19  Forge  
  65  7:20  Probe (Chrono Boost)  
  66  7:23  Probe (Chrono Boost)  
  66  7:25  Observer  
  68  7:32  Probe (Chrono Boost)  
  68  7:35  Probe (Chrono Boost)  
  70  7:37  Protoss Ground Armor Level 1  
  70  7:40  Pylon  
  71  7:44  Probe (Chrono Boost)  
  71  7:46  Probe (Chrono Boost)  
  71  7:51  Pylon  
  72  7:56  Probe (Chrono Boost)  
  72  7:57  Probe (Chrono Boost)  
  74  8:07  Probe (Chrono Boost)  
  74  8:08  Probe (Chrono Boost)  
  74  8:12  Photon Cannon  
  76  8:13  Photon Cannon  
  76  8:18  Probe (Chrono Boost)  
  78  8:20  Probe (Chrono Boost)  
  78  8:29  Probe (Chrono Boost)  
  78  8:31  Probe (Chrono Boost)  
  80  8:42  Assimilator  
  80  8:48  Assimilator  
  80  9:05  Probe (Chrono Boost)  
  81  9:11  Probe (Chrono Boost)  
  81  9:16  Probe (Chrono Boost)  
  83  9:22  Stalker  
  83  9:23  Probe (Chrono Boost)  
  80  9:30  Zealot  
  66  9:32  Void Ray  
  66  9:37  Mothership Core (Chrono Boost)  
  54  9:44  Zealot  
  56  9:52  Zealot  
  57  10:01  Stalker  
  57  10:03  Probe (Chrono Boost)  
  57  10:06  Probe (Chrono Boost)  
  47  10:10  Adept, Zealot  
  47  10:11  Void Ray  
  42  10:19  Probe (Chrono Boost)  
  38  10:23  Stalker  
  36  10:28  Sentry  
  36  10:33  Sentry  
  36  10:34  Probe (Chrono Boost)  
  41  10:38  Probe (Chrono Boost)  
  35  10:45  Zealot  
  35  10:46  Probe (Chrono Boost)  
  39  10:50  Stalker, Probe (Chrono Boost)  
  39  10:55  Stalker  
  39  10:57  Probe (Chrono Boost)  
  44  11:01  Probe (Chrono Boost)  
  44  11:02  Gateway  
  45  11:04  Stalker  
  45  11:09  Probe (Chrono Boost)  
  48  11:12  Stalker, Robotics Facility  
  48  11:13  Probe (Chrono Boost)  
  48  11:18  Zealot, Stargate  
  53  11:20  Probe (Chrono Boost)  
  54  11:46  Nexus  
  54  11:50  Probe (Chrono Boost)  
  54  11:53  Probe (Chrono Boost)  
  56  12:08  Sentry  
  58  12:13  Phoenix  
  60  12:28  Immortal  
  64  12:44  Stalker  
  64  12:45  Zealot x2  
  64  12:49  Stalker  
  38  12:59  Pylon  
  34  13:15  Pylon  
  29  13:26  Pylon  
  21  13:34  Pylon  
  18  13:52  Pylon  
  9  14:06  Gateway  
Tags
 
Add a new tag
Caveats
  • Supply blocks, unpowered buildings, or Contaminate may cause inaccurate times.
  • Supply counts are checked every 10 seconds.